 Dungeon Crawl Stone Soup version 0.24.0-125-gc4c63601f3 (webtiles) character file.

Game seed: 5667368264620127251, levelgen mode: deterministic

152 Johnny the Shooter (level 4, 0/36 HPs)
             Began as a Demigod Hunter on Feb 23, 2020.
             Slain by a leopard gecko (4 damage)
             ... on level 3 of the Dungeon.
             The game lasted 00:02:26 (1881 turns).

Johnny the Shooter (Demigod Hunter)                 Turns: 1881, Time: 00:02:26

Health: 0/36       AC:  3    Str: 15    XL:     4   Next: 87%
Magic:  6/6        EV: 12    Int: 15    God:
Gold:   130        SH:  0    Dex: 18    Spells: 3/3 levels left

rFire    . . .     SeeInvis .   b - +0 short sword
rCold    . . .     Gourm    .   (no shield)
rNeg     . . .     Faith    .   c - +0 leather armour
rPois    .         Spirit   .   (no helmet)
rElec    .         Reflect  .   (no cloak)
rCorr    .         Harm     .   (no gloves)
MR       .....                  (no boots)
Stlth    ++........             (no amulet)
HPRegen  0.12/turn              (no ring)
MPRegen  0.10/turn              (no ring)

@: no status effects
A: high mp 1
a: no special abilities


You were on level 3 of the Dungeon.
You were hungry.

You visited 1 branch of the dungeon, and saw 3 of its levels.

You collected 130 gold pieces.

Inventory:

Hand Weapons
 a - a +1 shortbow
 b - a +0 short sword (weapon)
Missiles
 i - 9 bolts
Armour
 c - a +0 leather armour (worn)
Scrolls
 d - a scroll of teleportation {unknown}
 e - 7 scrolls of identify {unknown}
 g - 2 scrolls of magic mapping
 h - a scroll of noise {unknown}
Comestibles
 f - 3 rations


   Skills:
 - Level 1.7 Fighting
 + Level 5.9 Bows
 - Level 1.8 Dodging
 - Level 0.8 Stealth


You had 3 spell levels left.
You didn't know any spells.
Your spell library was empty.

Dungeon Overview and Level Annotations

Branches:
Dungeon (3/15)


Innate Abilities, Weirdness & Mutations

You have an increased reservoir of magic. (+10% MP)


Message History

Unknown command.
Found a scroll labeled MAUB OG IPH.
Found a short fluorescent wand.
Your extra speed is starting to run out.
You see here a scroll labeled MAUB OG IPH.
d - a scroll labeled MAUB OG IPH
Found 3 scrolls labeled HAOWAU MEQOIRAB.
You feel yourself slow down.
g - 3 scrolls labeled HAOWAU MEQOIRAB
There are no items here.
The leopard gecko bites you.
* * * LOW HITPOINT WARNING * * *
The leopard gecko barely misses you.
You aren't carrying any potions.
Unknown command.
You closely miss the leopard gecko. The leopard gecko misses you.
As you read the scroll labeled HAOWAU MEQOIRAB, it crumbles to dust.
You feel aware of your surroundings.
It was a scroll of magic mapping.
The leopard gecko misses you. The leopard gecko bites you.
You die...

**,,*,,,,*
*####........##<#
*,,***#.,*
##.....#K##.#
***,***<,.#**
#..##..<....
*,,,**,,*,..*
*#..*###..#l.
*,**,,,****.##*
*#.(.* ##....
*,**,*** *,..*
#.(.#* ###..
*,,,,*
**#.####.#.## #K.
******
#.....(#..# ###..
*** #.@######.#
#.... *,*
#..lK..##.#
##l#.# *,*
#.####.##.#
#..#.# **,***#.*
#....## #.##..
*,,**,..* ###...#
#.###.
***,,**.##*
##..###.# *#
****,,,,*,.*
#...##.###*
*,,,,,,,,.,*
#.#......#*
*,,,,,,,,,,*
#.##..##.#*


You could see a leopard gecko and a kobold.

Vanquished Creatures
  A jelly (D:3)
  2 orc wizards (D:3)
  A gnoll (D:3)
  An adder (D:2)
  A worm (D:2)
  A dart slug (D:2)
  3 orcs (D:3)
  2 giant cockroaches
  3 hobgoblins
  3 kobolds
  2 quokkas
  A ball python (D:3)
  7 bats
  3 frilled lizards
  9 goblins
  4 rats
44 creatures vanquished.

Notes
Turn   | Place    | Note
-------+----------+-------------------------------------------
     0 | D:1      | Johnny the Demigod Hunter began the quest for the Orb.
     0 | D:1      | Reached XP level 1. HP: 17/17 MP: 3/3
   441 | D:1      | Reached skill level 4 in Bows
   853 | D:2      | Reached XP level 2. HP: 24/24 MP: 4/4
  1354 | D:3      | Noticed a scorpion
  1436 | D:2      | Reached XP level 3. HP: 22/29 MP: 5/5
  1600 | D:3      | Reached skill level 5 in Bows
  1636 | D:3      | Reached XP level 4. HP: 30/36 MP: 6/6
  1881 | D:3      | Slain by a leopard gecko

Levels and vault maps discovered:
D:1:      dpeg_arrival_round_b, layout_loops_corners
D:2:      layout_loops_ring, first_ration
D:3:      layout_rooms, corexii_leaking_fountain

Skill      XL: |  1  2  3 |
---------------+----------+-----
Bows           | 4 5 |  5.9
Fighting       | |  1.7
Dodging        | |  1.8
Stealth        | |  0.8

Action                   |  1- 3 |  4- 6 || total
-------------------------+-------+-------++-------
Melee: Short sword       |       |    12 ||    12
 Fire: Shortbow          |   100 |    32 ||   132
  Use: Scroll            |       |     1 ||     1
       Potion            |       |     1 ||     1
  Eat: Chunk             |     1 |     1 ||     2
Armor: Leather armour    |     6 |     8 ||    14
Dodge: Dodged            |    20 |    18 ||    38
